 Dungeon Crawl Stone Soup version 0.31-a0-1068-g5939ac1fb6 (webtiles) character file.

Game seed: 7959302645292341550

485 Maratek the Shield-Bearer (level 6, -1/56 HPs)
             Began as a Minotaur Fighter on Nov 24, 2023.
             Slain by an orc priest
             ... wielding a +0 short sword
              (4 damage)
             ... on level 4 of the Dungeon.
             The game lasted 00:05:13 (2537 turns).

Maratek the Shield-Bearer (Minotaur Fighter)        Turns: 2537, Time: 00:05:14

Health: -1/56      AC:  7    Str: 22    XL:     6   Next: 88%
Magic:  5/5        EV: 11    Int:  5    God:
Gold:   60         SH:  5    Dex: 10    Spells: 5/5 levels left

rFire   . . .        p - +2 spear (venom)
rCold   . . .        c - +0 buckler
rNeg    . . .        j - +2 robe {Will+}
rPois   .            (helmet restricted)
rElec   .            i - +0 cloak
rCorr   .            (no gloves)
SInv    .            (no boots)
Will    +....        (no amulet)
Stlth   +            n - +2 ring of protection
HPRegen 0.29/turn    (no ring)
MPRegen 0.09/turn

%: no passive effects
@: no status effects
A: horns 2, retaliatory headbutt
a: no special abilities


You were on level 4 of the Dungeon.
You visited 1 branch of the dungeon, and saw 4 of its levels.

You collected 160 gold pieces.
You spent 100 gold pieces at shops.

Inventory:

Hand Weapons
 a - a +0 war axe
 p - a +2 spear of venom (weapon)
Missiles
 b - a throwing net
Armour
 c - a +0 buckler (worn)
 i - a +0 cloak (worn)
 j - a +2 robe of willpower (worn)
Jewellery
 n - a +2 ring of protection (left hand)
 q - an amulet of faith
Scrolls
 e - a scroll of revelation
 h - 2 scrolls of teleportation
 u - a scroll of identify
Potions
 d - 3 potions of might
 f - a potion of degeneration {unknown}
 g - a potion of cancellation {unknown}
 k - 2 potions of lignification {unknown}
 l - 2 potions of heal wounds {unknown}
 m - a potion of attraction {unknown}
 o - a potion of curing {unknown}
 r - a potion of invisibility {unknown}
 s - 2 potions of berserk rage {unknown}
 t - a potion of brilliance {unknown}


   Skills:
 + Level 5.5 Fighting
 - Level 4.4(4.5) Axes
 + Level 1.1(3.0) Polearms
 + Level 5.4 Armour
 + Level 1.1 Dodging
 + Level 0.6 Stealth
 + Level 5.6 Shields


You had 5 spell levels left.
You didn't know any spells.
Your spell library contained the following spells:

 Spells                   Type           Power      Damage    Failure   Level
 Magic Dart               Conj           0%         1d3       54%         1
 Sandblast                Erth           0%         2d4       54%         1
 Passwall                 Tmut/Erth      0%         N/A       67%         2
 Searing Ray              Conj           0%         2d4       67%         2
 Stone Arrow              Conj/Erth      0%         3d7       88%         3
 Brom's Barrelling Bould  Conj/Erth      0%         2d3       99%         4
 Fulminant Prism          Conj/Hex       0%         3d5       99%         4


Dungeon Overview and Level Annotations

Branches:
Dungeon (4/15)
 Temple: D:4-7

Altars:
Xom
Zin

Shops:
D:2 =

Annotations:
D:4 3 runed translucent doors, Sapher's ghost, weakling MeEE


Innate Abilities, Weirdness & Mutations

You have a pair of horns on your head.
You reflexively headbutt those who attack you in melee.


Message History

You are too injured to fight recklessly!
You are too injured to fight recklessly!
You are too injured to fight recklessly!
You are too injured to fight recklessly!
You are too injured to fight recklessly!
You are too injured to fight recklessly!
You are too injured to fight recklessly!
You are too injured to fight recklessly!
You are too injured to fight recklessly!
You are too injured to fight recklessly!
You are too injured to fight recklessly!
You are too injured to fight recklessly!
You are too injured to fight recklessly!
You are too injured to fight recklessly!
You are too injured to fight recklessly!
Unknown command.
You are too injured to fight recklessly!
Unknown command.
You are too injured to fight recklessly!
You hit the orc wizard.
The orc wizard is poisoned.
Your headbutt misses the orc wizard.
The orc wizard is lightly wounded.
The orc priest hits you with a +0 dagger.
The orc wizard hits you with a +0 dagger.
You closely miss the orc priest.
The orc priest hits you but does no damage.
The orc wizard barely misses you.
The orc priest hits you but does no damage.
You closely miss the orc priest.
The orc priest calls down the wrath of Beogh upon you.
Beogh smites you!
* * * LOW HITPOINT WARNING * * *
The orc priest hits you but does no damage.
The orc wizard hits you with a +0 dagger.
* * * LOW HITPOINT WARNING * * *
You barely miss the orc priest.
The orc priest hits you with a +0 dagger.
* * * LOW HITPOINT WARNING * * *
The orc priest hits you with a +0 short sword.
You die...

### #.. #.# ########
#.#
#......######.#######
#......##.....o......
#..........#.@o####
#..[.......#..o......
##..........#.........
#.....................
#................>...8
#.....................
#...#.#####........#.8
#...#.................
####...####.#...


You could see 2 orc priests and an orc wizard (very poisoned).

Vanquished Creatures
  Sigmund (D:2)
  A jelly (D:3)
  A gnoll bouda (D:3)
  Terence (D:2)
  Jessica (D:2)
  Robin (D:3)
  9 gnolls
  4 adders
  2 shadow imps (D:4)
  A white imp (D:4)
  An orc (D:4)
  7 ball pythons
  7 endoplasms
  3 giant cockroaches
  13 goblins
  4 hobgoblins
  6 quokkas
  3 bats
  8 frilled lizards
  5 kobolds
  2 rats (D:2)
81 creatures vanquished.

Notes
Turn   | Place    | Note
-------+----------+-------------------------------------------
     0 | D:1      | Maratek the Minotaur Fighter began the quest for the Orb.
     0 | D:1      | Reached XP level 1. HP: 19/19 MP: 0/0
    82 | D:1      | Reached XP level 2. HP: 27/27 MP: 1/1
   695 | D:2      | Reached XP level 3. HP: 33/33 MP: 2/2
   914 | D:2      | Found a glowing silver altar of Zin.
   970 | D:2      | Noticed Jessica
   971 | D:2      | Killed Jessica
   972 | D:2      | Reached XP level 4. HP: 41/41 MP: 3/3
   986 | D:2      | Found Rottuh's One-of-a-Kind Rings.
   996 | D:2      | Bought a +2 ring of protection for 100 gold pieces
  1114 | D:2      | Noticed Sigmund
  1127 | D:2      | Killed Sigmund
  1128 | D:2      | Reached skill level 5 in Fighting
  1128 | D:2      | Reached skill level 5 in Shields
  1128 | D:2      | Reached XP level 5. HP: 19/48 MP: 4/4
  1324 | D:3      | Reached skill level 5 in Armour
  1474 | D:3      | Reached XP level 6. HP: 53/56 MP: 5/5
  1509 | D:3      | Noticed Terence
  1586 | D:2      | Killed Terence
  2114 | D:3      | Noticed Robin
  2124 | D:3      | Killed Robin
  2332 | D:4      | Found a runed translucent gate.
  2332 | D:4      | Found a runed translucent gate.
  2341 | D:4      | Found a runed translucent gate.
  2341 | D:4      | Noticed Sapher's ghost (weakling MeEE)
  2365 | D:4      | Found a shimmering altar of Xom.
  2388 | D:4      | Reached skill level 1 in Dodging
  2389 | D:4      | Reached skill level 1 in Polearms
  2537 | D:4      | Slain by an orc priest

Illustrated notes

Levels and vault maps discovered:
D:1:      lightli_arrival_isolated_outpost, layout_rooms, serial_forest,
          infiniplex_forest_end_double, infiniplex_forest_lined_room_2,
          infiniplex_forest_lined_2, infiniplex_forest_end_3,
          infiniplex_forest_lined_room_2, infiniplex_forest_lined_3_way,
          infiniplex_forest_straight_1, kennysheep_another_room
D:2:      layout_basic, basic_altar, nicolae_shop_unique_rings, minmay_cut_off,
          uniq_jessica, uniq_sigmund
D:3:      layout_loops_cross, chequers_mini_garden, minmay_shallow_snake_nest,
          uniq_robin, uniq_terence
D:4:      layout_basic, mainiacjoe_overflow_paths,
          minmay_temple_entry_statues_fountains, gammafunk_ghost_split,
          serial_demonic, serial_demonic_f, serial_demonic_b, serial_demonic_f,
          serial_demonic_e

Skill      XL: |  1  2  3  4  5  6 |
---------------+-------------------+-----
Shields        | 4 5 |  5.6
Fighting       | 4 5 |  5.5
Armour         | 4 5 |  5.4
Axes           | 3 4 |  4.4
Dodging        | 1 |  1.1
Polearms       | 1 |  1.1
Stealth        | |  0.6

Action                     |  1- 3 |  4- 6 || total
---------------------------+-------+-------++-------
  Melee: War axe           |    76 |    33 ||   109
         Headbutt          |     7 |    15 ||    22
         Spear             |       |    83 ||    83
         Unarmed           |       |     7 ||     7
    Use: Scroll            |       |     4 ||     4
 Armour: Scale mail        |    47 |       ||    47
         Chain mail        |    10 |    36 ||    46
         Robe              |       |    38 ||    38
         Skin              |       |     3 ||     3
  Dodge: Dodged            |    37 |    46 ||    83
  Block: Buckler           |    20 |    27 ||    47

Table legend: (Time is in decaauts)
 A = Elapsed time spent in this place.
 B = Non-inter-level travel time spent in this place.
 C = Inter-level travel time spent in this place.
 D = Time resting spent in this place.
 E = Time spent auto-exploring this place.
 F = Levels seen in this place.
 G = Mean time per level.
                   A        B        C        D        E       F      G
               +--------+--------+--------+--------+--------+-----+--------+
         Total |   2568 |   2429 |    139 |    144 |   1745 |   4 |  642.0 |
       Dungeon |   2568 |   2429 |    139 |    144 |   1745 |   4 |  642.0 |
               +--------+--------+--------+--------+--------+-----+--------+

Top non-repeatable levels by time:
     D:2: 872 daAuts
     D:3: 778 daAuts
     D:1: 680 daAuts
     D:4: 236 daAuts
